 Dungeon Crawl Stone Soup version 0.29.1-12-g30fa7ad0bf (webtiles) character file.

Game seed: 12263777611001472764

225 wormed the Magician (level 6, -6/46 HPs)
             Began as a Djinni Fire Elementalist on Dec 28, 2022.
             Shot with an arrow by a centaur (8 damage)
             ... on level 4 of the Dungeon.
             The game lasted 00:04:49 (3367 turns).

wormed the Magician (Djinni Fire Elementalist)      Turns: 3367, Time: 00:04:50

Health: -6/46      AC:  2    Str:  7    XL:     6   Next: 21%
Gold:   140        EV: 32    Int: 18    God:
                   SH:  0    Dex: 14

rFire   + + +      SeeInvis .   j - +0 short sword (speed)
rCold   x . .      Faith    .   (no shield)
rNeg    . . .      Spirit   .   a - +0 robe
rPois   ∞          Reflect  .   (no helmet)
rElec   .          Harm     .   (no cloak)
rCorr   .          Rampage  .   (no gloves)
Will    .....                   (boots unavailable)
Stlth   ++........              i - amulet of the acrobat
HPRegen 0.15/turn               f - ring of protection from fire
MPRegen 0.00/turn               o - +4 ring of evasion

@: acrobatic, flying
A: sickness immunity, fire resistance 2, cold vulnerability 1, float, innate
caster, HP casting, extra vitality 1
a: no special abilities


You were on level 4 of the Dungeon.
You visited 1 branch of the dungeon, and saw 4 of its levels.

You collected 140 gold pieces.

Inventory:

Hand Weapons
 j - a +0 short sword of speed (weapon)
Armour
 a - a +0 robe (worn)
Jewellery
 f - a ring of protection from fire (left hand)
 i - an amulet of the acrobat (around neck)
 o - a +4 ring of evasion (right hand)
Wands
 e - a wand of flame (14)
Scrolls
 b - 4 scrolls of teleportation {unknown}
 d - 2 scrolls of noise {unknown}
 g - a scroll of vulnerability {unknown}
Potions
 c - 2 potions of lignification {unknown}
 h - a potion of mutation {unknown}
 k - a potion of haste {unknown}
 l - a potion of attraction {unknown}
 m - a potion of invisibility {unknown}
 n - a potion of resistance {unknown}


   Skills:
 * Level 3.4 Fighting
 - Level 3.0 Dodging
 - Level 2.0 Stealth
 * Level 3.6 Spellcasting


You couldn't memorise any spells.
You knew the following spells:

 Your Spells              Type           Power      Damage    Failure   Level
a - Foxfire               Conj/Fire      64%        2x1d7     3%          1
b - Scorch                Fire           32%        2d6       4%          2
c - Conjure Flame         Conj/Fire      16%        6-21      10%         3
d - Inner Flame           Hex/Fire       16%        N/A       10%         3
e - Flame Wave            Conj/Fire      16%        2d7       32%         4
f - Beastly Appendage     Tmut           32%        N/A       3%          1
g - Searing Ray           Conj           32%        2d5       4%          2
Your spell library was empty.

Dungeon Overview and Level Annotations

Branches:
Dungeon (4/15)
 Temple: D:4-7

Altars:

Shops:
D:4 =

Annotations:
D:3 Jingleheimer's ghost, amateur DsGl


Innate Abilities, Weirdness & Mutations

You are immune to sickness and miasma.
You are immune to poison.
Your flesh is very heat resistant. (rF++)
You are vulnerable to cold. (rC-)
You float through the air rather than walking.
You learn spells naturally, not from books.
Your magical power is your life essence.
You have superior vitality. (+4 MHP)


Message History

Flames lash the iguana.
The iguana is heavily wounded.
The iguana's fire resistance burns away.
Casting: Scorch (safe; 5% risk of failure)
Confirm with . or Enter, or press ? or * to list all spells.
Flames lash the iguana.
The iguana is burned terribly!
You kill the iguana!
* * * LOW HITPOINT WARNING * * *
You hear an angry growl.
o - a +4 ring of evasion (right hand)
A black bear comes into view.
The black bear growls angrily.
A black bear is nearby!
Casting: Scorch (safe; 4% risk of failure)
Confirm with . or Enter, or press ? or * to list all spells.
The spell is quite dangerous to miscast (32% risk of failure)!
Continue anyway?
Okay, then.
The black bear attacks as you move away!
The black bear completely misses you. The black bear misses you.
The black bear completely misses you.
A centaur comes into view.
Casting: Flame Wave (quite dangerous; 32% risk of failure)
Confirm with . or Enter, or press ? or * to list all spells.
Flames lash the black bear.
The black bear is moderately wounded.
The black bear's fire resistance burns away.
* * * LOW HITPOINT WARNING * * *
The centaur wields a +0 shortbow.
The centaur shoots an arrow.
The arrow misses you.
The arrow hits the black bear!
The black bear bites you.
* * * LOW HITPOINT WARNING * * *
The black bear claws you.
* * * LOW HITPOINT WARNING * * *
The black bear claws you.
* * * LOW HITPOINT WARNING * * *
The centaur shoots an arrow.
The arrow barely misses you.
The arrow hits the black bear!
The black bear goes berserk!
The centaur shoots an arrow.
The arrow completely misses you.
The centaur shoots an arrow.
The arrow hits you!
You die...

..... . #. .... .#
##.####... .#
........##?####
###.###..#.....
#...$.#..#c.# #.
#.#.#.#.....# #. #.
#...........#
#..#.##.#@#.#<....##
..#..................
#..........#.###.###
##......h...#.# .#
#.......#...†... .
##..........#..# ##
#....#.∩.#.....#
#.#.....†......## #
#..########.$#


You could see a black bear (berserk, combustible) and a centaur.

Vanquished Creatures
  An iguana (D:4)
  Jessica (D:2)
  Ijyb (D:3)
  A gnoll (D:1)
  7 adders
  A worm (D:3)
  3 dart slugs
  3 orcs (D:3)
  5 bats
  9 endoplasms
  6 giant cockroaches
  5 goblins
  5 hobgoblins
  3 jackals (D:1)
  2 quokkas (D:2)
  3 ball pythons
  A frilled lizard (D:1)
  A kobold (D:2)
  4 rats
62 creatures vanquished.

Vanquished Creatures (others)
  30 foxfires
30 creatures vanquished.

Grand Total: 92 creatures vanquished

Notes
Turn   | Place    | Note
-------+----------+-------------------------------------------
     0 | D:1      | wormed the Djinni Fire Elementalist began the quest for the
                  | Orb.
     0 | D:1      | wormed set off with the following spells memorised:
                  | Foxfire, Scorch, Conjure Flame, Inner Flame, Flame Wave.
     0 | D:1      | Reached XP level 1. HP: 15/15 MP: 0/0
   154 | D:1      | Reached skill level 1 in Fighting
   154 | D:1      | Reached XP level 2. HP: 7/22 MP: 0/0
   397 | D:1      | Reached XP level 3. HP: 12/27 MP: 0/0
   397 | D:1      | Learned a level 1 spell: Beastly Appendage
  1301 | D:2      | Found a faded altar of an unknown god.
  1559 | D:2      | Noticed Jessica
  1561 | D:2      | Killed Jessica
  1562 | D:2      | Reached XP level 4. HP: 28/33 MP: 0/0
  2104 | D:2      | Reached XP level 5. HP: 30/39 MP: 0/0
  2104 | D:2      | Learned a level 2 spell: Searing Ray
  2658 | D:3      | Noticed Ijyb
  2670 | D:3      | Killed Ijyb
  2804 | D:3      | Found a runed translucent gate.
  2804 | D:3      | Found a runed translucent gate.
  2804 | D:3      | Found a runed translucent gate.
  2813 | D:3      | Noticed Jingleheimer's ghost (amateur DsGl)
  3022 | D:3      | Reached XP level 6. HP: 37/46 MP: 0/0
  3332 | D:4      | Found Yssaovvas's Jewellery Shop.
  3358 | D:4      | Noticed a black bear
  3365 | D:4      | HP: 1/46 [black bear (4)]
  3367 | D:4      | Shot with an arrow by a centaur

Illustrated notes

Levels and vault maps discovered:
D:1:      elethiomel_arrival_infinity_welcomes_careful_drivers, layout_rooms
D:2:      layout_basic, dreamdust_ecumenical_altar_statues, chequers_arboretum,
          st_stairs_9, uniq_jessica
D:3:      layout_rooms, gammafunk_ghost_necromancy, st_stairs_5,
          chequers_serial_rivers_small_3, uniq_ijyb
D:4:      layout_loops_ring, nicolae_overflow_hidden_temple,
          minmay_temple_entry_hall, serial_shops, nicolae_shop_stone,
          chequers_serial_rivers_micro_b

Skill      XL: |  1  2  3  4  5 |
---------------+----------------+-----
Fighting       | 1 2 3 |  3.4
Stealth        | 2 |  2.0
Spellcasting   | 3 |  3.6
Dodging        | 3 |  3.0

Action                   |  1- 3 |  4- 6 || total
-------------------------+-------+-------++-------
Melee: Unarmed           |     1 |       ||     1
 Cast: Foxfire           |    10 |     6 ||    16
       Scorch            |    24 |    56 ||    80
Armor: Robe              |     2 |     1 ||     3
Dodge: Dodged            |     5 |    23 ||    28
